 Dungeon Crawl Stone Soup version 0.30-a0-920-g7493c07aab (webtiles) character file.

Game seed: 10351300596284477268

1773 octoduck the Carver (level 9, -14/62 HPs)
             Began as a Merfolk Gladiator on Mar 21, 2023.
             Was an Initiate of Ru.
             Demolished by an ogre
             ... wielding a +0 giant club
              (18 damage)
             ... on level 7 of the Dungeon.
             The game lasted 00:22:23 (7395 turns).

octoduck the Carver (Merfolk Gladiator)             Turns: 7395, Time: 00:22:25

Health: -14/62     AC:  8    Str: 15    XL:     9   Next: 7%
Magic:  9/9        EV: 12    Int:  9    God:    Ru [......]
Gold:   432        SH:  5    Dex: 17    Spells: 8/8 levels left

rFire   . . .      SeeInvis +    a - +0 long sword
rCold   . . .      Faith    +    p - +0 buckler
rNeg    . . .      Spirit   .    l - +0 ring mail
rPois   .          Reflect  .    c - +0 helmet
rElec   .          Rampage  .    C - +0 cloak
rCorr   .                        (no gloves)
Will    +....                    s - +0 pair of boots
Stlth   +                        h - amulet of faith
HPRegen 0.30/turn                E - ring of see invisible
MPRegen 0.11/turn                M - ring of willpower

@: mesmerised
A: (nimble swimmer 2), mertail
a: Renounce Religion


You were on level 7 of the Dungeon.
You worshipped Ru.
Ru was noncommittal.
You visited 2 branches of the dungeon, and saw 8 of its levels.
You also visited: Sewer.

You collected 488 gold pieces.
You spent 56 gold pieces at shops.

Inventory:

Hand Weapons
 a - a +0 long sword (weapon)
 G - a +0 great sword
Missiles
 d - 6 throwing nets (quivered)
 e - a javelin
 t - 27 poisoned darts
Armour
 c - a +0 helmet (worn)
 l - a +0 ring mail (worn)
 p - a +0 buckler (worn)
 s - a +0 pair of boots (worn)
 C - a +0 cloak (worn)
Jewellery
 h - an amulet of faith (around neck)
 n - an amulet of regeneration
 E - a ring of see invisible (left hand)
 M - a ring of willpower (right hand)
Wands
 z - a wand of flame (6)
 D - a wand of charming (9)
 F - a wand of polymorph (15)
 H - a wand of acid (9)
 K - a wand of roots (1)
 L - a wand of mindburst (13)
Scrolls
 f - 4 scrolls of enchant armour
 g - 2 scrolls of teleportation
 q - a scroll of torment
 v - 2 scrolls of magic mapping
 x - a scroll of acquirement {unknown}
 y - a scroll of poison {unknown}
 A - a scroll of amnesia {unknown}
 I - a scroll of fear {unknown}
 J - 2 scrolls of fog
Potions
 b - 2 potions of curing
 j - a potion of resistance {unknown}
 k - 3 potions of flight {unknown}
 m - 3 potions of brilliance
 o - 2 potions of mutation {unknown}
 r - 2 potions of magic {unknown}
 u - 2 potions of cancellation {unknown}
 w - a potion of attraction {unknown}
 B - a potion of lignification {unknown}


   Skills:
 - Level 2.9 Fighting
 * Level 12.9 Long Blades
 - Level 2.0 Throwing
 - Level 4.0 Dodging
 - Level 3.6 Shields


You had 8 spell levels left.
You didn't know any spells.
Your spell library contained the following spells:

 Spells                   Type           Power      Damage    Failure   Level
 Magic Dart               Conj           0%         1d3       71%         1
 Cigotuvi's Dreadful Rot  Necr/Pois/Air  0%         N/A       85%         2
 Poisonous Vapours        Pois/Air       0%         N/A       85%         2
 Searing Ray              Conj           0%         2d4       85%         2
 Ignite Poison            Fire/Tmut/Pois 0%         N/A       97%         3
 Inner Flame              Hex/Fire       0%         N/A       97%         3
 Kindle Blastsparks       Fire/Tloc/Air  0%         2d10      97%         3
 Mephitic Cloud           Conj/Pois/Air  0%         N/A       97%         3
 Cause Fear               Hex            0%         N/A       100%        4
 Fulminant Prism          Conj/Hex       0%         3d5       100%        4
 Freezing Cloud           Conj/Ice/Air   0%         6-21      100%        5
 Discord                  Hex            0%         N/A       100%        8


Dungeon Overview and Level Annotations

Branches:
Dungeon (7/15)             Temple (1/1) D:7           Sewer (visited)

Altars:
Ashenzari
Cheibriados
Dithmenos
Fedhas
Gozag
Kikubaaqudgha
Nemelex Xobeh
Ru
Sif Muna
Uskayaw
Vehumet
Xom
Yredelemnul
Zin
The Shining One

Shops:
D:1 ?   D:3 :   D:5 [   D:6 (

Annotations:
D:7 Maggie


Innate Abilities, Weirdness & Mutations

((You are very nimble when in or above water. (Stealth+, EV+, Speed+++)))
Your lower body shifts to a powerful aquatic tail in water.


Message History

Aim: an ogre, wielding a +0 giant club (chance to affect: 49%)
The ogre resists with some effort.
Maggie mumbles the words to a spell, but in the wrong order.
Maggie hits you with a +0 halberd!
* * * LOW HITPOINT WARNING * * *
The ogre barely misses you.
You feel much better. Maggie barely misses you.
Aiming: Charm
Press: ? - help, Shift-Dir - straight line, f/p - ogre
Aim: an ogre, wielding a +0 giant club (chance to affect: 49%)
The ogre resists with some effort.
The ogre hits you with a +0 giant club!!
Maggie says, "Leave now, and tell all of Margery's mercy!"
Maggie hits you with a +0 halberd!
* * * LOW HITPOINT WARNING * * *
You feel better. Maggie hits you with a +0 halberd.
The ogre hits you with a +0 giant club!
* * * LOW HITPOINT WARNING * * *
You hit Maggie.
Maggie is heavily wounded.
You hit Maggie but do no damage.
Maggie is heavily wounded.
Maggie misses you. The ogre hits you with a +0 giant club.
* * * LOW HITPOINT WARNING * * *
You closely miss Maggie.
Maggie is heavily wounded.
Maggie hits you with a +0 halberd.
* * * LOW HITPOINT WARNING * * *
You closely miss Maggie.
Maggie is heavily wounded.
Maggie barely misses you. The ogre completely misses you.
You slash Maggie!
Maggie is severely wounded.
You slash Maggie!
Maggie is almost dead.
Maggie says, "Fear not.
I will immortalize you in the tale of my first kill."
Maggie points at you and mumbles some strange words.
The bolt of fire misses you.
The ogre hits you with a +0 giant club!!
You die...

###>. #.#. ### ##..
##.# ## ##. ##..###
.... .. ..... ...#
.#. #... ..## ..#.
#O@# ...###.....
##.@######....#.....
#........#....##..##
##.................#
###.###............
### ###..........
##.........
###........
#......#...
##...#.##.##


You could see Maggie (mesmerising) and an ogre.

Vanquished Creatures
  A steam dragon (D:7)
  2 water moccasins
  A centaur (D:6)
  2 phantoms
  A kobold brigand (D:6)
  A gnoll sergeant (D:4)
  A wight (D:6)
  4 killer bees (D:7)
  A howler monkey (D:5)
  3 hounds
  A jelly (D:5)
  Crazy Yiuf (D:5)
  Ijyb (D:4)
  A sleepcap (D:5)
  Natasha (thrice) (D:4)
  3 iguanas
  2 orc wizards
  Robin (D:4)
  9 adders
  14 gnolls
  A river rat (D:6)
  A shadow imp (D:5)
  A white imp (D:6)
  3 ufetubi
  4 worms
  5 dart slugs
  16 orcs
  5 ball pythons
  4 bats
  5 endoplasms
  8 giant cockroaches
  5 hobgoblins
  9 jackals
  12 kobolds
  4 quokkas
  4 frilled lizards
  16 goblins
  6 rats
162 creatures vanquished.

Vanquished Creatures (others)
  A plant (D:6)
1 creature vanquished.

Grand Total: 163 creatures vanquished

Notes
Turn   | Place    | Note
-------+----------+-------------------------------------------
     0 | D:1      | octoduck the Merfolk Gladiator began the quest for the Orb.
     0 | D:1      | Reached XP level 1. HP: 16/16 MP: 1/1
    99 | D:1      | You fall into a shaft and drop 1 floor!
   368 | D:1      | Reached skill level 4 in Long Blades
   383 | D:1      | Reached XP level 2. HP: 22/23 MP: 2/2
   554 | D:1      | Found Reufiryts's Magic Scroll Boutique.
   560 | D:1      | Bought a scroll of identify for 28 gold pieces
   560 | D:1      | Bought a scroll of identify for 28 gold pieces
   712 | D:1      | Reached XP level 3. HP: 28/28 MP: 3/3
   940 | D:2      | Reached skill level 5 in Long Blades
   943 | D:2      | Reached XP level 4. HP: 30/34 MP: 4/4
  1047 | D:2      | Reached skill level 1 in Shields
  1302 | D:2      | Found a glowing silver altar of Zin.
  1328 | D:2      | Reached XP level 5. HP: 35/40 MP: 5/5
  1536 | D:2      | Reached skill level 6 in Long Blades
  1870 | D:3      | Found a faded altar of an unknown god.
  2019 | D:3      | Found an ancient bone altar of Kikubaaqudgha.
  2024 | D:3      | Found Raemn's Book Emporium.
  2085 | D:3      | Found a shimmering blue altar of Sif Muna.
  2328 | D:3      | Reached XP level 6. HP: 41/46 MP: 6/6
  2938 | D:4      | Reached skill level 7 in Long Blades
  3262 | D:4      | Noticed Robin
  3263 | D:4      | Noticed Ijyb
  3270 | D:4      | Killed Robin
  3292 | D:4      | Killed Ijyb
  3375 | D:4      | Noticed Natasha
  3381 | D:4      | Killed Natasha
  3479 | D:4      | Noticed Natasha
  3486 | D:4      | Killed Natasha
  3658 | D:4      | Reached XP level 7. HP: 51/51 MP: 7/7
  3866 | D:4      | Reached skill level 8 in Long Blades
  4267 | D:4      | Noticed Natasha
  4274 | D:4      | Killed Natasha
  4310 | D:5      | Entered Level 5 of the Dungeon
  4680 | D:5      | Reached skill level 9 in Long Blades
  5055 | D:4      | Reached skill level 10 in Long Blades
  5055 | D:4      | Reached XP level 8. HP: 43/57 MP: 8/8
  5327 | D:5      | Found Nepnew's Antique Armour Shop.
  5355 | D:5      | Found a runed translucent door.
  5356 | D:5      | Noticed Crazy Yiuf
  5366 | D:5      | Killed Crazy Yiuf
  5744 | D:6      | Found Hanal's Hydra Hut.
  5746 | D:6      | Noticed a six-headed hydra
  5839 | D:6      | Found a glowing drain.
  5872 | Sewer    | Entered a sewer
  5890 | Sewer    | Reached skill level 11 in Long Blades
  6551 | D:7      | Found a staircase to the Ecumenical Temple.
  6560 | Temple   | Entered the Ecumenical Temple
  6668 | Temple   | Became a worshipper of Ru the Awakened
  6694 | D:7      | Noticed a wyvern
  6908 | D:7      | Reached skill level 12 in Long Blades
  7073 | D:7      | Reached XP level 9. HP: 42/62 MP: 9/9
  7374 | D:7      | Noticed Maggie
  7392 | D:7      | HP: 3/62 [Maggie/+0 halberd (3)]
  7395 | D:7      | Demolished by an ogre

Illustrated notes

Levels and vault maps discovered:
D:1:      dpeg_arrival_tiny_d, layout_rooms, serial_shops, shop,
          minmay_split_cup_large
D:2:      layout_loops_ring, basic_altar
D:3:      layout_basic, mainiacjoe_overflow_cross_hatched,
          mainiacjoe_overflow_24_doors, hellmonk_ecumenical_altar_zigzags,
          serial_shops, nicolae_shop_crystal
D:4:      layout_basic, st_stairs_5, uniq_robin, uniq_ijyb, uniq_natasha
D:5:      layout_loops_ring, serial_shops, nicolae_shop_behind_doors,
          uniq_crazy_yiuf_cottage
D:6:      layout_basic, portal_sewer_entry_b, nicolae_kite_square_tiling_tiny,
          doesnt_shop_hydraphobe
D:7:      layout_cave_pools, temple_statues, uniq_maggie
Temple:   nicolae_temple_godzebo

Skill      XL: |  1  2  3  4  5  6  7  8 |
---------------+-------------------------+-----
Long Blades    | 4 5 6 7 10 12 | 12.9
Shields        | 1 2 3 |  3.6
Fighting       | |  2.9
Throwing       | |  2.0
Dodging        | |  4.0

Action                     |  1- 3 |  4- 6 |  7- 9 || total
---------------------------+-------+-------+-------++-------
  Melee: Long sword        |   100 |   307 |   355 ||   762
         Punch             |     2 |       |       ||     2
  Evoke: Wand              |       |       |    18 ||    18
    Use: Scroll            |     2 |     4 |     6 ||    12
         Potion            |       |       |    10 ||    10
   Stab: Sleeping          |       |     1 |     1 ||     2
 Armour: Leather armour    |    30 |    88 |    57 ||   175
         Ring mail         |       |       |    51 ||    51
  Dodge: Dodged            |    92 |   174 |   198 ||   464
  Block: Buckler           |     4 |    55 |    99 ||   158

Table legend: (Time is in decaauts)
 A = Elapsed time spent in this place.
 B = Non-inter-level travel time spent in this place.
 C = Inter-level travel time spent in this place.
 D = Time resting spent in this place.
 E = Time spent auto-exploring this place.
 F = Levels seen in this place.
 G = Mean time per level.
                   A        B        C        D        E       F      G
               +--------+--------+--------+--------+--------+-----+--------+
         Total |   7388 |   6825 |    563 |   1284 |   3296 |   9 |  820.9 |
       Dungeon |   7147 |   6608 |    539 |   1284 |   3160 |   7 | 1021.0 |
        Temple |    133 |    109 |     24 |      0 |     87 |   1 |  133.0 |
         Sewer |    106 |    106 |      0 |      0 |     49 |   1 |  106.0 |
               +--------+--------+--------+--------+--------+-----+--------+

Top non-repeatable levels by time:
     D:4: 1896 daAuts
     D:6: 1244 daAuts
     D:3: 1186 daAuts
     D:2: 1165 daAuts
     D:5: 866 daAuts
     D:1: 563 daAuts
     D:7: 224 daAuts
  Temple: 133 daAuts
   Sewer: 106 daAuts
